 Dungeon Crawl Stone Soup version 0.24-a0-368-g0e0cebd (webtiles) character file.

Game seed: 14652509930757372322

645 MatthieuS the Sneak (level 7, -2/61 HPs)
             Began as a Kobold Enchanter on May 28, 2019.
             Slain by Duvessa
             ... wielding a +0 short sword
              (4 damage)
             ... on level 4 of the Dungeon.
             The game lasted 00:11:52 (6280 turns).

MatthieuS the Sneak (Kobold Enchanter)              Turns: 6280, Time: 00:11:53

Health: -2/61      AC: 23    Str: 10 (12) XL:     7   Next: 82%
Magic:  6/12       EV:  3    Int: 14 (16) God:
Gold:   45         SH:  3    Dex: 15 (16) Spells: 4/13 levels left

rFire    . . .     SeeInvis .   a - +1 dagger
rCold    . . .     Gourm    .   (shield restricted)
rNeg     + + +     Faith    .   (armour currently unavailable)
rPois    +         Spirit   .   (helmet currently unavailable)
rElec    .         Reflect  +   (cloak currently unavailable)
rCorr    .         Harm     .   (gloves currently unavailable)
MR       .....     NoTele   +   (boots currently unavailable)
Stlth    ++++......             p - +3 amulet of reflection
HPRegen  0.20/turn              q - ring of stealth
MPRegen  0.13/turn              o - +5 ring of strength

@: tree-form
A: small, carnivore
a: no special abilities


You were on level 4 of the Dungeon.
You were completely stuffed.
You were a tree.
You visited 1 branch of the dungeon, and saw 4 of its levels.

You collected 45 gold pieces.

Inventory:

Hand Weapons
 a - a +1 dagger (weapon)
Armour
 b - a +0 robe (melded)
 i - a +0 helmet
   (You found it on level 3 of the Dungeon)
Jewellery
 h - an uncursed ring of fire
   (You found it on level 1 of the Dungeon)
 o - a +5 ring of strength (right branch)
   (You found it on level 2 of the Dungeon)
 p - a +3 amulet of reflection (around neck)
   (You found it on level 3 of the Dungeon)
 q - a ring of stealth (left branch)
   (You found it on level 3 of the Dungeon)
Scrolls
 c - a scroll of remove curse {@r2}
 g - a scroll of identify {@r1}
 l - 2 scrolls of amnesia
Comestibles
 e - 6 rations
 j - a chunk of flesh


   Skills:
 + Level 3.1 Fighting
 + Level 4.0 Short Blades
 + Level 4.4 Dodging
 + Level 6.0 Stealth
 + Level 3.7 Spellcasting
 + Level 4.1 Hexes
 - Level 2.0 Ice Magic


You had 4 spell levels left.
You knew the following spells:

 Your Spells              Type           Power        Failure   Level  Hunger
a - Corona                Hex            ##.....      3%          1    None
b - Ensorcelled Hibernat  Hex/Ice        ##....       9%          2    ##.....
c - Dazzling Spray        Conj/Hex       #.....       26%         3    ###....
x - Confuse               Hex            ##......     11%         3    ###....

Your spell library contained the following spells:

 Spells                   Type           Power        Failure   Level  Hunger
 Tukima's Dance           Hex            ##......     11%         3    ###....


Dungeon Overview and Level Annotations

Branches:
Dungeon (4/15)
 Temple: D:4-7

Altars:
Elyvilon
Trog

Annotations:
D:4 Dowan, Duvessa


Innate Abilities, Weirdness & Mutations

You are small and have problems with some larger weapons.
You are carnivorous and can eat meat at any time.


Message History

The puff of frost hits you!
* * * LOW HITPOINT WARNING * * *
Duvessa hits you with a +0 short sword!
* * * LOW HITPOINT WARNING * * *
Really quaff
f - a potion of lignification {!q}?
Really quaff the potion of lignification?
You turn into a tree.
Your +0 robe melds into your body.
Your roots penetrate the ground.
Duvessa hits you with a +0 short sword.
* * * LOW HITPOINT WARNING * * *
Aim: Duvessa, wielding a +0 short sword and wearing a +0 ring mail (severely wounded, chance to defeat MR: 36%) Duvessa resists with some effort.
Duvessa hits you but does no damage.
Aim: Duvessa, wielding a +0 short sword and wearing a +0 ring mail (severely wounded, chance to defeat MR: 36%) Duvessa is outlined in light.
Duvessa hits you but does no damage.
You hit Duvessa but do no damage. You block Duvessa's attack.
You hit Duvessa but do no damage. You hit Duvessa but do no damage.
Duvessa hits you but does no damage.
You hit Duvessa but do no damage. Duvessa hits you but does no damage.
You hit Duvessa but do no damage.
Dowan gestures at Duvessa while chanting.
Duvessa seems to speed up.
Duvessa hits you with a +0 short sword.
* * * LOW HITPOINT WARNING * * *
You hit Duvessa.
Duvessa stops glowing.
You block Duvessa's attack.
Dowan mumbles some strange words.
Dowan blinks!
You hit Duvessa but do no damage. Duvessa hits you but does no damage.
You hit Duvessa but do no damage. Duvessa hits you with a +0 short sword.
* * * LOW HITPOINT WARNING * * *
You hit Duvessa but do no damage. Duvessa hits you with a +0 short sword.
* * * LOW HITPOINT WARNING * * *
You block Duvessa's attack.
It was a potion of degeneration.
There was something very wrong with that liquid.
You feel weakened.
You feel dopey.
You feel clumsy.
Dowan mumbles some strange words.
Dowan blinks!
Duvessa hits you but does no damage.
You hit Duvessa but do no damage.
Duvessa says, "Where magic fails, the sword succeeds!"
Duvessa barely misses you.
You closely miss Duvessa.
Duvessa says, "Practise, practise, practise!
One day you'll be as good as me." Duvessa hits you but does no damage. x2
You hit Duvessa but do no damage. Duvessa hits you with a +0 short sword!
* * * LOW HITPOINT WARNING * * *
You hit Duvessa but do no damage. Duvessa hits you but does no damage.
You closely miss Duvessa. Duvessa hits you but does no damage.
You hit Duvessa but do no damage. Duvessa hits you but does no damage.
You closely miss Duvessa. Duvessa hits you but does no damage.
Duvessa completely misses you.
You completely miss Duvessa. Duvessa hits you with a +0 short sword.
You die...

..........e.#
.......#...
............#
.......#...
###.........#
.......#...
........##..#
..######...
........##..#
..# #...
........##..#
..# #...
....####...>#
#.#. ...
#.#####
#####.#. ##
#ee♣..#
#.......
#####.#
#.###.##
#.#######...#.#
#.......#..)#.#
#######.#...#.#
#.....#..<#.#
#.#####..)..#
#.#....#....#
#.#.##.###.##


You could see Duvessa and Dowan.

Vanquished Creatures
  Grinder (D:3)
  Sigmund (D:3)
  An orc priest (D:3)
  A centaur skeleton (D:4)
  A worker ant (D:3)
  8 gnolls
  3 adders (D:2)
  An ooze (D:3)
  4 worms (D:2)
  3 leopard geckos
  8 orcs (D:3)
  9 bats
  2 giant cockroaches
  7 goblins
  9 hobgoblins
  10 jackals (D:1)
  7 kobolds
  A quokka (D:2)
  A ball python (D:3)
  6 frilled lizards
  8 rats
92 creatures vanquished.

Vanquished Creatures (others)
  A jackal (D:2)
1 creature vanquished.

Grand Total: 93 creatures vanquished

Notes
Turn   | Place    | Note
-------+----------+-------------------------------------------
     0 | D:1      | MatthieuS the Kobold Enchanter began the quest for the Orb.
     0 | D:1      | Reached XP level 1. HP: 10/10 MP: 3/3
   395 | D:1      | Reached XP level 2. HP: 14/15 MP: 5/5
   399 | D:1      | Learned a level 2 spell: Ensorcelled Hibernation
   597 | D:1      | Reached XP level 3. HP: 20/20 MP: 6/6
   719 | D:1      | Reached skill level 1 in Fighting
  1718 | D:1      | Reached XP level 4. HP: 25/25 MP: 2/7
  2184 | D:1      | Reached skill level 1 in Ice Magic
  2792 | D:2      | Found a white marble altar of Elyvilon.
  3367 | D:2      | Reached XP level 5. HP: 26/29 MP: 5/9
  3399 | D:2      | Found a faded altar of an unknown god.
  3983 | D:3      | Found a bloodstained altar of Trog.
  4681 | D:3      | Reached skill level 5 in Stealth
  4699 | D:3      | Noticed Sigmund
  4750 | D:3      | Killed Sigmund
  4750 | D:3      | Reached XP level 6. HP: 6/36 MP: 7/10
  5122 | D:3      | Noticed Grinder
  5154 | D:3      | Learned a level 3 spell: Confuse
  5158 | D:3      | Learned a level 3 spell: Dazzling Spray
  5301 | D:3      | Paralysed by Grinder for 2 turns
  5308 | D:3      | Paralysed by Grinder for 2 turns
  5323 | D:3      | Paralysed by Grinder for 2 turns
  5332 | D:3      | Paralysed by Grinder for 7 turns
  5345 | D:3      | Killed Grinder
  5345 | D:3      | Reached XP level 7. HP: 11/40 MP: 1/12
  6164 | D:4      | Reached skill level 6 in Stealth
  6235 | D:4      | Noticed Duvessa
  6237 | D:4      | Noticed Dowan
  6275 | D:4      | HP: 1/61 [Duvessa/+0 short sword (7)]
  6280 | D:4      | Slain by Duvessa

Levels and vault maps discovered:
D:1:      wheals_arrival_shading, layout_loops_cross, minivault_23
D:2:      layout_basic, chequers_ecumenical_altar_simple_redux,
          chequers_serial_rivers_room_a, chequers_serial_rivers_room_a,
          elyvilon_altar_4
D:3:      layout_basic, overflow_temple_1_default, kennysheep_generic_room_16,
          uniq_sigmund, uniq_grinder
D:4:      layout_basic, uniq_duvessa, uniq_pikel

Skill      XL: |  1  2  3  4  5  6  7 |
---------------+----------------------+-----
Short Blades   | 2 3 4 |  4.0
Fighting       | 1 2 3 |  3.1
Ice Magic      | 1 2 |  2.0
Dodging        | 3 4 |  4.4
Stealth        | 5 6 |  6.0
Spellcasting   | 3 |  3.7
Hexes          | 4 |  4.1

Action                   |  1- 3 |  4- 6 |  7- 9 || total
-------------------------+-------+-------+-------++-------
Melee: Dagger            |   120 |   177 |    58 ||   355
 Cast: Corona            |     4 |     9 |     3 ||    16
       Ensorcelled Hiber |    17 |    37 |     9 ||    63
       Confuse           |       |     4 |       ||     4
  Use: Scroll            |       |     5 |       ||     5
       Potion            |       |     5 |     2 ||     7
 Stab: Sleeping          |    12 |    27 |    10 ||    49
       Confused          |       |     1 |       ||     1
  Eat: Chunk             |    12 |    12 |     5 ||    29
Armor: Robe              |    27 |     5 |     3 ||    35
       Skin              |       |    27 |    11 ||    38
Dodge: Dodged            |   135 |   108 |    17 ||   260
Block: Other             |       |     8 |     5 ||    13

Table legend:
 A = Non-vault XP
 B = Vault XP
 C = Vault XP percentage of total XP
 D = Non-vault monster count
 E = Vault monster count
 F = Vault count percentage of total count
                 A         B        C        D         E       F
            +---------+---------+-------+---------+---------+-------
      Total |     413 |     509 |  55.2 |      88 |       4 |   4.3
            +---------+---------+-------+---------+---------+-------
        D:1 |      77 |       0 |   0.0 |      39 |       0 |   0.0
        D:2 |      74 |       0 |   0.0 |      14 |       0 |   0.0
        D:3 |     181 |     509 |  73.8 |      31 |       4 |  11.4
        D:4 |      81 |       0 |   0.0 |       4 |       0 |   0.0
            +---------+---------+-------+---------+---------+-------
